 Dungeon Crawl Stone Soup version 0.22-a0-408-g0c774a7e83 (webtiles) character file.

175 Chiseanne the Vexing (level 5, -6/39 HPs)
             Began as a Demonspawn Arcane Marksman on May 10, 2018.
             Mangled by an ogre
             ... wielding a +0 giant club
              (28 damage)
             ... on level 4 of the Dungeon.
             The game lasted 00:07:00 (3288 turns).

Chiseanne the Vexing (Demonspawn Arcane Marksman)   Turns: 3288, Time: 00:07:00

Health: -6/39      AC:  9    Str: 12    XL:     5   Next: 29%
Magic:  7/7        EV:  9    Int: 14    God:
Gold:   83         SH:  0    Dex: 13    Spells: 4/7 levels left

rFire    . . .     SeeInvis .   a - +1 mace
rCold    + . .     Gourm    .   (no shield)
rNeg     . . .     Faith    .   l - +1 scale mail
rPois    .         Spirit   .   (no helmet)
rElec    .         Reflect  .   (no cloak)
rCorr    .         Harm     .   (no gloves)
MR       .....                  (no boots)
Stlth    +.........             (no amulet)
HPRegen  0.13/turn              o - ring of protection from cold (curse)
MPRegen  0.10/turn              (no ring)

@: no status effects
A: icy blue scales 1, nightstalker 1, powered by pain 1
a: no special abilities


You were on level 4 of the Dungeon.
You were not hungry.

You visited 1 branch of the dungeon, and saw 4 of its levels.

You collected 83 gold pieces.

Inventory:

Hand Weapons
 a - a +1 mace (weapon)
 i - a +0 spear
Missiles
 c - 3 javelins (quivered)
 d - 2 throwing nets
 e - 163 stones
 m - 20 bolts
 p - 45 sling bullets
Armour
 l - a +1 scale mail (worn)
 s - a +0 leather armour of cold resistance
Jewellery
 o - a cursed ring of protection from cold (left hand)
Scrolls
 j - 2 scrolls of enchant armour
Potions
 b - 2 potions of heal wounds
 g - a potion of agility
 h - a potion of curing {unknown}
 k - a potion of degeneration {unknown}
 n - a potion of ambrosia {unknown}
 r - a potion of invisibility {unknown}
 t - a potion of magic {unknown}
Comestibles
 f - 4 rations
 q - 2 chunks of flesh


   Skills:
 * Level 2.6 Fighting
 * Level 2.9 Throwing
 * Level 1.7 Armour
 - Level 2.1 Dodging
 * Level 1.3 Stealth
 - Level 1.9 Spellcasting
 - Level 3.0 Hexes


You had 4 spell levels left.
You knew the following spells:

 Your Spells              Type           Power        Failure   Level  Hunger
a - Corona                Hex            #......      36%         1    ##.....
b - Slow                  Hex            #.......     50%         2    ###....


Dungeon Overview and Level Annotations

Branches:
Dungeon (4/15)
 Temple: D:4-7

Altars:
Xom

Annotations:
D:3 kusayu's ghost, amateur GrFi


Innate Abilities, Weirdness & Mutations

You are partially covered in icy blue scales. (AC +2)
You are slightly more attuned to the shadows.
You sometimes gain a little power by taking damage.


Message History

An orc comes into view. It is wielding a flail.
Found 7 gold pieces.
An ogre comes into view. It is wielding a giant club.
You aren't carrying any items that you can evoke without wielding.
Unknown command.
Throwing (i - inventory. (/) - cycle)
c - 5 javelins (quivered)
Press: ? - help, Shift-Dir - straight line, f - ogre
Aim: an ogre, wielding a giant club You throw a javelin.
The javelin hits the ogre.
The ogre is lightly wounded.
Throwing (i - inventory. (/) - cycle)
c - 4 javelins (quivered)
Press: ? - help, Shift-Dir - straight line, f/p - ogre
Aim: an ogre, wielding a giant club (lightly wounded)
You throw a javelin. The javelin hits the ogre!
The ogre is heavily wounded.
You barely miss the ogre.
The ogre is heavily wounded.
The ogre hits you with a giant club!!
Ouch! That really hurt!
You die...

####+ .#.. $.#
.. #.#
..(###.######
...(........###
#...O@####<รท.#
#####.#
###....o. #..
#.#### #... .#
#...# # #....
......


You could see an ogre.

Vanquished Creatures
  An orc priest (D:3)
  Jessica (D:2)
  An orc wizard (D:3)
  4 adders
  A gnoll (D:1)
  A dart slug (D:2)
  2 leopard geckos
  5 orcs (D:3)
  5 bats
  4 giant cockroaches (D:1)
  3 goblins
  5 hobgoblins
  A ball python (D:2)
  5 frilled lizards
  2 kobolds
  6 rats
47 creatures vanquished.

Notes
Turn   | Place    | Note
-------+----------+-------------------------------------------
     0 | D:1      | Chiseanne the Demonspawn Arcane Marksman began the quest for the Orb.
     0 | D:1      | Reached XP level 1. HP: 15/15 MP: 2/2
   223 | D:1      | Gained mutation: You sometimes gain a little power by taking damage. [demonic ancestry]
   223 | D:1      | Reached XP level 2. HP: 19/21 MP: 4/4
   331 | D:1      | Learned a level 2 spell: Slow
  1022 | D:1      | Reached XP level 3. HP: 26/26 MP: 5/5
  1721 | D:2      | Noticed Jessica
  1738 | D:2      | Killed Jessica
  1954 | D:2      | Gained mutation: You are slightly more attuned to the shadows. [demonic ancestry]
  1954 | D:2      | Reached XP level 4. HP: 20/33 MP: 6/6
  2517 | D:3      | Reached skill level 1 in Armour
  2813 | D:3      | Found a shimmering altar of Xom.
  2920 | D:3      | Reached skill level 1 in Stealth
  3073 | D:3      | Gained mutation: You are partially covered in icy blue scales. (AC +2) [demonic ancestry]
  3073 | D:3      | Reached XP level 5. HP: 36/39 MP: 7/7
  3197 | D:3      | Noticed kusayu's ghost (amateur GrFi)
  3285 | D:4      | Noticed an ogre
  3288 | D:4      | Mangled by an ogre

Vault maps used:
D:1:      matt_arrival_los_fun
D:2:      uniq_jessica
D:3:      minmay_roachtagon, lemuel_coloured_pillars_altar, uniq_grinder
D:4:      minmay_temple_entry_nine_rooms, first_ration,
          kennysheep_big_empty_room

Skill      XL: |  1  2  3  4 |
---------------+-------------+-----
Dodging        | 2 |  2.1
Throwing       | 2 |  2.9
Fighting       | 2 |  2.6
Armour         | 1 |  1.7
Stealth        | 1 |  1.3
Spellcasting   | |  1.9
Hexes          | |  3.0

Action                   |  1- 3 |  4- 6 || total
-------------------------+-------+-------++-------
Melee: Unarmed           |    34 |       ||    34
       Spear             |    41 |       ||    41
       Mace              |    53 |    96 ||   149
Throw: Javelin           |     6 |     2 ||     8
 Cast: Corona            |     3 |       ||     3
  Use: Scroll            |     3 |     6 ||     9
       Potion            |       |     1 ||     1
 Stab: Sleeping          |     1 |       ||     1
  Eat: Ration            |     1 |       ||     1
       Chunk             |       |     5 ||     5
Armor: Robe              |    19 |       ||    19
       Scale mail        |    29 |    56 ||    85
Dodge: Dodged            |    99 |    51 ||   150

Table legend:
 A = Spawn XP
 B = Non-spawn XP
 C = Spawn XP percentage of total XP
 D = Spawn monster count
 E = Non-spawn monster count
 F = Spawn count percentage of total count
 G = Total turns spent on level
                    A         B        C        D         E        F      G
               +---------+---------+-------+---------+---------+-------+---------
         Total |       0 |     251 |   0.0 |       0 |      47 |   0.0 |  3288
               +---------+---------+-------+---------+---------+-------+---------
           D:1 |       0 |      42 |   0.0 |       0 |      17 |   0.0 |  1486
           D:2 |       0 |      65 |   0.0 |       0 |      11 |   0.0 |   983
           D:3 |       0 |     142 |   0.0 |       0 |      17 |   0.0 |   737
           D:4 |       0 |       2 |   0.0 |       0 |       2 |   0.0 |    82
               +---------+---------+-------+---------+---------+-------+---------
